 Dungeon Crawl Stone Soup version 0.32-a0-975-g85d4e5bfdb (webtiles) character file.

Game seed: 5971127246277786490

264 Cancer the Changeling (level 6, -3/38 HPs)
             Began as an Octopode Shapeshifter on Apr 19, 2024.
             Slain by an orc priest
             ... wielding a +0 war axe
              (7 damage)
             ... on level 5 of the Dungeon.
             The game lasted 00:08:35 (3597 turns).

Cancer the Changeling (Octopode Shapeshifter)       Turns: 3597, Time: 00:08:36

Health: -3/38      AC:  1    Str: 15    XL:     6   Next: 19%
Magic:  6/6        EV: 12    Int: 13    God:
Gold:   195        SH:  0    Dex: 17    Spells: 5/5 levels left

rFire   . .          .
                       - Unarmed
rCold   . . .        (no shield)
rNeg    . . .        (helmet currently unavailable)
rPois   .            g - amulet of the acrobat
rElec   .            t - +6 ring of dexterity
rCorr   .            (no ring)
SInv    .            (no ring)
Will    .....        (no ring)
Stlth   ++           (no ring)
HPRegen 0.26/turn    (no ring)
MPRegen 0.10/turn    (no ring)
                     (no ring)

%: acrobat
@: confused, beast-form
A: beast (slay +3), almost no armour, amphibious, 8 rings, camouflage 1,
gelatinous body 1, (nimble swimmer 1), tentacles
a: Begin Untransformation, Convert to Beogh


You were on level 5 of the Dungeon.
You were a hulking beast.
You visited 1 branch of the dungeon, and saw 5 of its levels.

You collected 195 gold pieces.

Inventory:

Magical Staves
 k - a staff of earth
Jewellery
 g - an amulet of the acrobat (around mantle)
 t - a +6 ring of dexterity (left tentacle)
Talismans
 b - a beast talisman (active)
 c - a flux talisman
 y - a blade talisman
 D - a granite talisman
Scrolls
 f - a scroll of teleportation {unknown}
 i - a scroll of immolation {unknown}
 j - a scroll of acquirement {unknown}
 l - 2 scrolls of vulnerability {unknown}
 o - 7 scrolls of identify {unknown}
 p - 3 scrolls of enchant armour {unknown}
 q - a scroll of poison {unknown}
 r - 2 scrolls of fear {unknown}
 u - a scroll of blinking {unknown}
 v - 3 scrolls of amnesia {unknown}
 x - a scroll of enchant weapon {unknown}
 z - 2 scrolls of fog {unknown}
Potions
 a - a potion of lignification
 d - 2 potions of resistance {unknown}
 e - 3 potions of might {unknown}
 h - a potion of magic {unknown}
 m - a potion of curing {unknown}
 n - a potion of experience {unknown}
 s - a potion of cancellation {unknown}
 w - a potion of mutation {unknown}
 A - a potion of enlightenment {unknown}
 B - a potion of berserk rage {unknown}
 C - a potion of degeneration {unknown}


   Skills:
 - Level 1.0 Fighting
 - Level 2.0 Dodging
 - Level 3.0 Stealth
 - Level 3.0 Unarmed Combat
 + Level 5.9 Shapeshifting


You had 5 spell levels left.
You didn't know any spells.
Your spell library contained the following spells:

 Spells                   Type           Power      Damage    Failure   Level
 Call Canine Familiar     Summ           0%         N/A       67%         3
 Inner Flame              Hex/Fire       0%         N/A       67%         3
 Sigil of Binding         Hex            0%         N/A       67%         3
 Stone Arrow              Conj/Erth      0%         3d7       67%         3
 Dimensional Bullseye     Hex/Tloc       0%         N/A       97%         4
 Irradiate                Conj/Alch      0%         3d11      100%        5
 Seismic Cannonade        Alch/Erth      0%         6d4       100%        7
 Ignition                 Fire           0%         3d3       100%        8
 Lehudib's Crystal Spear  Conj/Erth      0%         10d2      100%        8
 Animate Armour           Summ/Erth      Unusable   N/A       N/A         4

Dungeon Overview and Level Annotations

Branches:
Dungeon (5/15)
 Temple: D:4-7

Altars:
Ru
Trog
The Shining One

Shops:
D:3 [   D:4 !

Annotations:
D:4 Natasha, Sigmund
D:5 bbear


Innate Abilities, Weirdness & Mutations

You are a hulking beast.
Your limbs bulge with bestial killing power. (Slay +3)
You cannot wear most types of armour.
You are amphibious.
You can wear up to eight rings at the same time.
Your skin changes colour to match your surroundings (Stealth+).
Your rubbery body absorbs attacks. (AC +1, EV +1)
((You are camouflaged when in or above water. (Stealth+)))
You have tentacles for arms and can constrict up to eight enemies at once.


Message History

You now have 184 gold pieces (gained 17).
You now have 195 gold pieces (gained 11).
An orc wizard comes into view. It is wielding a +0 dagger.
An orc priest comes into view. It is wielding a +0 war axe.
The orc wizard shouts!
An orc wizard comes into view. It is wielding a +0 dagger.
The orc priest shouts!
The orc wizard shouts!
You bludgeon the orc wizard! Your grab misses the orc wizard.
The orc wizard is heavily wounded.
The orc wizard points at you and mumbles some strange words.
You are confused.
Unknown command.
The orc priest attacks as it pursues you!
The orc priest completely misses you.
The orc wizard gestures at you while chanting.
The magic dart hits you!
The orc wizard gestures wildly while chanting.
The orc wizard flickers and vanishes!
Deactivating autopickup; reactivate with Ctrl-A.
The orc wizard points at you and mumbles some strange words.
The puff of flame hits you!
The orc priest attacks as it pursues you!
The orc priest completely misses you.
The orc priest shouts, "The Pantheon deserves no one's loyalty.
Let us show you the true path!" (press Y on the ability menu to convert to Beogh) Unknown command.
You bump into the rock wall.
The orc wizard mumbles some strange words.
The orc wizard flickers and vanishes!
The orc priest closely misses you.
Unknown command.
You closely miss something. Something hits you.
The orc priest mumbles some strange prayers to Beogh against you.
Beogh smites you!
* * * LOW HITPOINT WARNING * * *
Unknown command.
Unknown command.
You bump into the rock wall.
Something hits you.
* * * LOW HITPOINT WARNING * * *
The orc priest hits you with a +0 war axe!
You die...

### #######.## ###
.........##########.##
####...oh...........#####
##...########.........
##.## ##...##### ###
#......### #.##......
#.##.#.##. #.##.#.###
#.##.#.###
########..#.#....


You could see an orc priest.

Vanquished Creatures
  A crimson imp (D:4)
  A hound (D:5)
  An orc priest (D:4)
  An iguana (D:4)
  3 adders
  3 gnolls
  A white imp (D:5)
  A dart slug (D:2)
  2 orcs (D:4)
  5 endoplasms
  2 giant cockroaches
  5 goblins
  11 hobgoblins
  8 jackals
  6 kobolds
  2 quokkas
  6 ball pythons
  8 bats
  3 frilled lizards
  A goblin skeleton (D:4)
  2 hobgoblin zombies (D:4)
  3 kobold skeletons (D:4)
  2 kobold zombies (D:4)
  2 orc skeletons (D:4)
  An orc zombie (D:4)
  3 rats
84 creatures vanquished.

Notes
Turn   | Place    | Note
-------+----------+-------------------------------------------
     0 | D:1      | Cancer the Octopode Shapeshifter began the quest for the
                  | Orb.
     0 | D:1      | Reached XP level 1. HP: 13/13 MP: 1/1
    57 | D:1      | Reached skill level 1 in Stealth
   163 | D:1      | Reached XP level 2. HP: 18/18 MP: 2/2
   782 | D:2      | Reached XP level 3. HP: 21/23 MP: 3/3
  1245 | D:2      | Reached skill level 4 in Shapeshifting
  1251 | D:2      | Reached XP level 4. HP: 26/28 MP: 4/4
  1624 | D:3      | Found Lumuevy's Antique Armour Boutique.
  1721 | D:3      | Found a faded altar of an unknown god.
  1726 | D:3      | Found a sacrificial altar of Ru.
  1780 | D:3      | Found a bloodstained altar of Trog.
  2225 | D:4      | Found a glowing golden altar of the Shining One.
  2233 | D:4      | Reached XP level 5. HP: 33/33 MP: 5/5
  2244 | D:4      | Reached skill level 5 in Shapeshifting
  2443 | D:4      | Found Qust's Distillery.
  2648 | D:4      | Noticed Sigmund
  2763 | D:4      | Noticed Natasha
  3166 | D:5      | Entered Level 5 of the Dungeon
  3223 | D:5      | Reached XP level 6. HP: 37/38 MP: 6/6
  3387 | D:5      | Noticed a black bear
  3597 | D:5      | Slain by an orc priest

Illustrated notes

Levels and vault maps discovered:
D:1:      dpeg_arrival_erosion, layout_loops_ring, chequers_serial_rivers_room_b
D:2:      layout_rooms
D:3:      layout_basic, nicolae_overflow_ecumenical_swirl,
          mainiacjoe_overflow_chevrons, serial_shops, nicolae_diamond_shop
D:4:      layout_loops_corners, nicolae_tso_besieged_by_evil, serial_shops,
          shop, uniq_sigmund, uniq_natasha
D:5:      layout_loops_ring, uniq_crazy_yiuf_cottage

Skill      XL: |  1  2  3  4  5 |
---------------+----------------+-----
Stealth        | 1 2 3 |  3.0
Shapeshifting  | 4 5 |  5.9
Fighting       | |  1.0
Dodging        | |  2.0
Unarmed Combat | |  3.0

Action                     |  1- 3 |  4- 6 || total
---------------------------+-------+-------++-------
  Melee: Unarmed           |    57 |    77 ||   134
         Constrict         |    20 |    28 ||    48
         Tentacles         |     8 |    21 ||    29
         Punch             |     1 |     4 ||     5
   Stab: Sleeping          |    14 |    16 ||    30
         Distracted        |       |     1 ||     1
 Armour: Skin              |    18 |    20 ||    38
  Dodge: Dodged            |    38 |    31 ||    69

Table legend: (Time is in decaauts)
 A = Elapsed time spent in this place.
 B = Non-inter-level travel time spent in this place.
 C = Inter-level travel time spent in this place.
 D = Time resting spent in this place.
 E = Time spent auto-exploring this place.
 F = Levels seen in this place.
 G = Mean time per level.
                   A        B        C        D        E       F      G
               +--------+--------+--------+--------+--------+-----+--------+
         Total |   3595 |   2940 |    655 |     82 |   1962 |   5 |  719.0 |
       Dungeon |   3595 |   2940 |    655 |     82 |   1962 |   5 |  719.0 |
               +--------+--------+--------+--------+--------+-----+--------+

Top non-repeatable levels by time:
     D:4: 1024 daAuts
     D:1: 842 daAuts
     D:3: 711 daAuts
     D:2: 694 daAuts
     D:5: 322 daAuts
